BSA
ST. LOUIS BROWNS @ SPRINGFIELD STARS
08/24/2024
 
TOP OF THE 1ST
St. Louis Browns batting - Pitching for Springfield Stars : LHP Joaquín Gonzáles
Pitching: LHP Joaquín Gonzáles
Batting: LHB Mike Hill 0-0: Ball
1-0: Swinging Strike
1-1: Ball
2-1: Foul Ball, location: 2F
2-2: Foul Ball, location: 2F
2-2: Foul Ball, location: 2F
2-2: Strikes out swinging
Batting: RHB Mario Rosales 0-0: Foul Ball, location: 2F
0-1: Ball
1-1: Ball
2-1: Ball
3-1: Ground out 5-3 (Groundball, 56)
Batting: RHB Will Brown 0-0: Called Strike
0-1: Fly out, F8 (Flyball, 8LD)
Top of the 1st over - 0 run(s), 0 hit(s), 0 error(s), 0 left on base; St. Louis 0 - Springfield 0
BOTTOM OF THE 1ST
Springfield Stars batting - Pitching for St. Louis Browns : RHP Armando Avilés
Pitching: RHP Armando Avilés
Batting: LHB Felipe Guerrero 0-0: Foul Ball, location: 2F
0-1: Foul Ball, location: 2F
0-2: Ball
1-2: Ball
2-2: Strikes out looking
Batting: RHB Juan Rodríguez 0-0: Ball
1-0: Ground out 6-3 (Groundball, 6)
Batting: LHB Derek Davidson 0-0: Called Strike
0-1: Foul Ball, location: 2F
0-2: Ball
1-2: Ball
2-2: Strikes out swinging
Bottom of the 1st over - 0 run(s), 0 hit(s), 0 error(s), 0 left on base; St. Louis 0 - Springfield 0
TOP OF THE 2ND
St. Louis Browns batting - Pitching for Springfield Stars : LHP Joaquín Gonzáles
Batting: RHB R.J. Parker 0-0: Foul Ball, location: 2F
0-1: Ball
1-1: Called Strike
1-2: DOUBLE (Flyball, 78D)
Batting: RHB Wilson Martínez 0-0: Called Strike
0-1: Ground out 4-3 (Groundball, 4)
R.J. Parker to third
Batting: RHB George Howard 0-0: Called Strike
0-1: Swinging Strike
0-2: Ball
1-2: Ball
2-2: Ball
3-2: Ground out 1-3 (Groundball, 13)
Batting: LHB Héctor Núñez 0-0: SINGLE (Line Drive, 34D)
R.J. Parker scores
Batting: LHB Mario García 0-0: Ball
1-0: Ball
2-0: Foul Ball, location: 2F
2-1: Ball
3-1: Base on Balls
Héctor Núñez to second
Batting: RHB Brian Cash 0-0: Ball
1-0: DOUBLE (Line Drive, 89D)
Héctor Núñez scores
Mario García to third
Runner from 3rd tries for Home, SAFE, no throw or cutoff
Batting: LHB Mike Hill 0-0: SINGLE (Line Drive, 78S)
Brian Cash to third
Runner from 3rd tries for Home, SAFE, no throw or cutoff
Batting: RHB Mario Rosales 0-0: Ball
1-0: Ball
2-0: Swinging Strike
2-1: Swinging Strike
2-2: Ball
3-2: Fly out, F9 (Flyball, 9S)
Top of the 2nd over - 4 run(s), 4 hit(s), 0 error(s), 1 left on base; St. Louis 4 - Springfield 0
BOTTOM OF THE 2ND
Springfield Stars batting - Pitching for St. Louis Browns : RHP Armando Avilés
Batting: LHB César Valentín 0-0: Called Strike
0-1: Foul Ball, location: 2F
0-2: Ball
1-2: SINGLE (Line Drive, 8LS)
Batting: RHB Calvin Bennett 0-0: Called Strike
0-1: Ball
1-1: Called Strike
1-2: SINGLE (Line Drive, 8LS)
César Valentín to second
Batting: LHB Ryan Drake 0-0: Foul Ball, location: 2F
0-1: Called Strike
0-2: Fly out, F8 (Flyball, 8RM)
Runner from 2nd tags up, OUT at 3rd
Batting: RHB Miguel Salinas 0-0: Called Strike
Calvin Bennett steals 2nd base
0-1: Ball
1-1: Ball
2-1: Ball
3-1: Foul Ball, location: 2F
3-2: Ground out 4-3 (Groundball, 4)
Bottom of the 2nd over - 0 run(s), 2 hit(s), 0 error(s), 1 left on base; St. Louis 4 - Springfield 0
TOP OF THE 3RD
St. Louis Browns batting - Pitching for Springfield Stars : LHP Joaquín Gonzáles
Batting: RHB Will Brown 0-0: Ball
1-0: Fly out, F6 (Line Drive, 6)
Batting: RHB R.J. Parker 0-0: Called Strike
0-1: Fly out, F9 (Flyball, 89D)
Batting: RHB Wilson Martínez 0-0: Foul Ball, location: 2F
0-1: Ball
1-1: Ball
2-1: Ball
3-1: SINGLE (Line Drive, 34D)
Batting: RHB George Howard 0-0: Called Strike
0-1: Reached on Error, E4 (Popup, 4)
Wilson Martínez to second
Batting: LHB Héctor Núñez 0-0: Ball
1-0: Ball
2-0: Ball
3-0: Called Strike
3-1: Foul Ball, location: 2F
3-2: Foul Ball, location: 2F
3-2: Foul Ball, location: 2F
3-2: Foul Ball, location: 2F
3-2: Strikes out swinging
Top of the 3rd over - 0 run(s), 1 hit(s), 1 error(s), 2 left on base; St. Louis 4 - Springfield 0
BOTTOM OF THE 3RD
Springfield Stars batting - Pitching for St. Louis Browns : RHP Armando Avilés
Batting: RHB José Pinto 0-0: Ball
1-0: Ball
2-0: Ball
3-0: Base on Balls
Batting: LHB Jesús Tobías 0-0: Called Strike
0-1: Ball
1-1: Called Strike
1-2: Strikes out swinging
Batting: LHB Felipe Guerrero 0-0: Called Strike
0-1: Ball
1-1: Called Strike
José Pinto steals 2nd base
1-2: Ball
2-2: Ball
3-2: Foul Ball, location: 2F
3-2: Foul Ball, location: 2F
3-2: Base on Balls
Batting: RHB Juan Rodríguez 0-0: Ball
José Pinto steals 3rd base
Felipe Guerrero to second
1-0: Ball
2-0: Foul Ball, location: 2F
2-1: Fly out, F3 (Popup, 23F)
Batting: LHB Derek Davidson 0-0: Ball
1-0: Ground out U3 (Groundball, 3S)
Bottom of the 3rd over - 0 run(s), 0 hit(s), 0 error(s), 2 left on base; St. Louis 4 - Springfield 0
TOP OF THE 4TH
St. Louis Browns batting - Pitching for Springfield Stars : LHP Joaquín Gonzáles
Batting: LHB Mario García 0-0: Called Strike
0-1: Called Strike
0-2: Ball
1-2: Strikes out looking
Batting: RHB Brian Cash 0-0: Ball
1-0: Swinging Strike
1-1: Foul Ball, location: 2F
1-2: Ball
2-2: Ball
3-2: Ground out 5-3 (Groundball, 5S)
Batting: LHB Mike Hill 0-0: TRIPLE (Line Drive, 3D)
Batting: RHB Mario Rosales 0-0: Ball
1-0: Ground out 6-3 (Groundball, 6)
Top of the 4th over - 0 run(s), 1 hit(s), 0 error(s), 1 left on base; St. Louis 4 - Springfield 0
BOTTOM OF THE 4TH
Springfield Stars batting - Pitching for St. Louis Browns : RHP Armando Avilés
Batting: LHB César Valentín 0-0: Foul Ball, location: 2F
0-1: Ball
1-1: Foul Ball, location: 2F
1-2: SINGLE (Groundball, 4MD)
Batting: RHB Calvin Bennett 0-0: Swinging Strike
0-1: SINGLE (Line Drive, 7LS)
César Valentín to second
Batting: LHB Ryan Drake 0-0: Foul Ball, location: 2F
0-1: Called Strike
0-2: Strikes out swinging
Batting: RHB Miguel Salinas 0-0: Called Strike
César Valentín steals 3rd base
Calvin Bennett to second
0-1: Ball
1-1: Called Strike
1-2: Ball
2-2: Ground out 4-3 (Groundball, 4)
César Valentín scores
Calvin Bennett to third
Batting: RHB José Pinto 0-0: Ball
1-0: Called Strike
1-1: Foul Ball, location: 2F
1-2: Strikes out swinging
Bottom of the 4th over - 1 run(s), 2 hit(s), 0 error(s), 1 left on base; St. Louis 4 - Springfield 1
TOP OF THE 5TH
St. Louis Browns batting - Pitching for Springfield Stars : LHP Joaquín Gonzáles
Batting: RHB Will Brown 0-0: Foul Ball, location: 2F
0-1: Ball
1-1: Ball
2-1: Foul Ball, location: 2F
2-2: Foul Ball, location: 2F
2-2: SOLO HOME RUN (Flyball, 78XD), Distance : 440 ft
Batting: RHB R.J. Parker 0-0: Fly out, F3 (Popup, 23F)
Batting: RHB Wilson Martínez 0-0: Fly out, F7 (Flyball, 7D)
Batting: RHB George Howard 0-0: Swinging Strike
0-1: Swinging Strike
0-2: Ball
1-2: Foul Ball, location: 2F
1-2: Foul Ball, location: 2F
1-2: Ball
2-2: Foul Ball, location: 2F
2-2: Ground out 5-3 (Groundball, 5)
Top of the 5th over - 1 run(s), 1 hit(s), 0 error(s), 0 left on base; St. Louis 5 - Springfield 1
BOTTOM OF THE 5TH
Springfield Stars batting - Pitching for St. Louis Browns : RHP Armando Avilés
Batting: LHB Jesús Tobías 0-0: Ground out U3 (Groundball, 3S)
Batting: LHB Felipe Guerrero 0-0: Ground out 2-3 (Groundball, 2L)
Batting: RHB Juan Rodríguez 0-0: Foul Ball, location: 2F
0-1: Ball
1-1: SINGLE (Groundball, 34D)
Batting: LHB Derek Davidson 0-0: Ball
1-0: Ground out 4-3 (Groundball, 34)
Bottom of the 5th over - 0 run(s), 1 hit(s), 0 error(s), 1 left on base; St. Louis 5 - Springfield 1
TOP OF THE 6TH
St. Louis Browns batting - Pitching for Springfield Stars : LHP Joaquín Gonzáles
Pitching: RHP Dae-hee Ch'oe
Batting: LHB Héctor Núñez 0-0: Called Strike
0-1: Ball
1-1: Foul Ball, location: 2F
1-2: Strikes out swinging
Batting: LHB Mario García 0-0: Ball
1-0: Ball
2-0: Called Strike
2-1: Ball
3-1: Base on Balls
Batting: RHB Brian Cash 0-0: Called Strike
0-1: Ball
1-1: Hit by Pitch
Mario García to second
Batting: LHB Mike Hill 0-0: Ball
1-0: Called Strike
1-1: Swinging Strike
1-2: 3-RUN HOME RUN (Line Drive, 89XD), Distance : 429 ft
Pitching: RHP José Orozco
Batting: RHB Mario Rosales 0-0: Ball
1-0: Called Strike
1-1: Ball
2-1: Ball
3-1: SINGLE (Line Drive, 56D)
Batting: RHB Will Brown 0-0: Fly out, F9 (Flyball, 89S)
Batting: RHB R.J. Parker 0-0: Called Strike
Mario Rosales is caught stealing 2nd base
Top of the 6th over - 3 run(s), 2 hit(s), 0 error(s), 0 left on base; St. Louis 8 - Springfield 1
BOTTOM OF THE 6TH
Springfield Stars batting - Pitching for St. Louis Browns : RHP Armando Avilés
Batting: LHB César Valentín 0-0: Ball
1-0: Foul Ball, location: 2F
1-1: Swinging Strike
1-2: Ball
2-2: SOLO HOME RUN (Flyball, 9D), Distance : 418 ft
Batting: RHB Calvin Bennett 0-0: Foul Ball, location: 2F
0-1: Foul Ball, location: 2F
0-2: Ball
1-2: Foul Ball, location: 2F
1-2: SOLO HOME RUN (Flyball, 7D), Distance : 403 ft
Batting: LHB Ryan Drake 0-0: Called Strike
0-1: Ball
1-1: Foul Ball, location: 2F
1-2: Ground out U3 (Groundball, 3)
Batting: RHB Miguel Salinas 0-0: Swinging Strike
0-1: Swinging Strike
0-2: Strikes out swinging
Batting: RHB José Pinto 0-0: Ball
1-0: Ball
2-0: Ball
3-0: Base on Balls
Batting: LHB Jesús Tobías 0-0: Ball
1-0: Ball
2-0: Ball
3-0: Foul Ball, location: 2F
3-1: Called Strike
3-2: Base on Balls
José Pinto to second
Pitching: RHP John Allan
Batting: LHB Felipe Guerrero 0-0: SINGLE (Line Drive, 34)
José Pinto to third
Jesús Tobías to second
Batting: RHB Juan Rodríguez 0-0: Called Strike
0-1: Ball
1-1: Foul Ball, location: 2F
1-2: Foul Ball, location: 2F
1-2: Ball
2-2: Ball
3-2: Ground out 4-3 (Groundball, 4M)
Bottom of the 6th over - 2 run(s), 3 hit(s), 0 error(s), 3 left on base; St. Louis 8 - Springfield 3
TOP OF THE 7TH
St. Louis Browns batting - Pitching for Springfield Stars : RHP José Orozco
Batting: RHB R.J. Parker 0-0: Fly out, F9 (Flyball, 9S)
Batting: RHB Wilson Martínez 0-0: Ball
1-0: Foul Ball, location: 2F
1-1: SINGLE (Flyball, 9LS)
Batting: RHB George Howard 0-0: Called Strike
Wilson Martínez steals 2nd base
0-1: Swinging Strike
0-2: Fly out, F8 (Flyball, 8RD)
Runner from 2nd tags up, OUT at 3rd
Top of the 7th over - 0 run(s), 1 hit(s), 0 error(s), 0 left on base; St. Louis 8 - Springfield 3
BOTTOM OF THE 7TH
Springfield Stars batting - Pitching for St. Louis Browns : RHP John Allan
Batting: LHB Derek Davidson 0-0: Fly out, F9 (Line Drive, 9D)
Batting: LHB César Valentín 0-0: Called Strike
0-1: Ball
1-1: Ball
2-1: Ground out 4-3 (Groundball, 4)
Batting: RHB Calvin Bennett 0-0: Called Strike
0-1: Ball
1-1: Foul Ball, location: 2F
1-2: Fly out, F7 (Flyball, 78S)
Bottom of the 7th over - 0 run(s), 0 hit(s), 0 error(s), 0 left on base; St. Louis 8 - Springfield 3
TOP OF THE 8TH
St. Louis Browns batting - Pitching for Springfield Stars : RHP José Orozco
Batting: LHB Héctor Núñez 0-0: Ball
1-0: Ball
2-0: Called Strike
2-1: Ball
3-1: Ground out 1-3 (Groundball, 13S)
Pitching: LHP Jeremy Meyer
Batting: LHB Mario García 0-0: Ball
1-0: Called Strike
1-1: Swinging Strike
1-2: Strikes out swinging
Batting: RHB Brian Cash 0-0: Ball
1-0: Swinging Strike
1-1: Ball
2-1: Ground out 6-3 (Groundball, 6)
Top of the 8th over - 0 run(s), 0 hit(s), 0 error(s), 0 left on base; St. Louis 8 - Springfield 3
BOTTOM OF THE 8TH
Springfield Stars batting - Pitching for St. Louis Browns : RHP John Allan
Batting: LHB Ryan Drake 0-0: Ball
1-0: Foul Ball, location: 2F
1-1: Called Strike
1-2: Foul Ball, location: 2F
1-2: Ball
2-2: Foul Ball, location: 2F
2-2: Ball
3-2: Base on Balls
Batting: RHB Miguel Salinas 0-0: Ball
1-0: Ball
2-0: Ball
3-0: Base on Balls
Ryan Drake to second
Batting: RHB José Pinto 0-0: Swinging Strike
0-1: Ball
1-1: Ball
2-1: Grounds into double play, 1-6-3 (Groundball, 15S)
Ryan Drake to third
Batting: LHB Jesús Tobías 0-0: Called Strike
0-1: Foul Ball, location: 2F
0-2: Ball
1-2: Ball
2-2: SINGLE (Groundball, 4MD)
Ryan Drake scores
Batting: LHB Felipe Guerrero 0-0: Called Strike
0-1: Ball
1-1: Ball
2-1: Foul Ball, location: 2F
2-2: Ball
3-2: Foul Ball, location: 2F
3-2: Base on Balls
Jesús Tobías to second
Pitching: RHP Beau Brown
Batting: RHB Juan Rodríguez 0-0: Called Strike
0-1: Foul Ball, location: 2F
0-2: Foul Ball, location: 2F
0-2: Strikes out swinging
Bottom of the 8th over - 1 run(s), 1 hit(s), 0 error(s), 2 left on base; St. Louis 8 - Springfield 4
TOP OF THE 9TH
St. Louis Browns batting - Pitching for Springfield Stars : LHP Jeremy Meyer
Batting: LHB Mike Hill 0-0: Ball
1-0: Ball
2-0: Called Strike
2-1: Ball
3-1: Called Strike
3-2: Fly out, F4 (Line Drive, 4)
Batting: RHB Mario Rosales 0-0: Ball
1-0: Ground out 5-3 (Groundball, 15S)
Batting: RHB Will Brown 0-0: Ball
1-0: Called Strike
1-1: Ground out 6-3 (Groundball, 6M)
Top of the 9th over - 0 run(s), 0 hit(s), 0 error(s), 0 left on base; St. Louis 8 - Springfield 4
BOTTOM OF THE 9TH
Springfield Stars batting - Pitching for St. Louis Browns : RHP Beau Brown
Pitching: LHP Brent Miller
Batting: LHB Derek Davidson 0-0: Ball
1-0: Ball
2-0: Foul Ball, location: 2F
2-1: Fly out, F8 (Line Drive, 8RD)
Batting: LHB César Valentín 0-0: Ground out U3 (Groundball, 3S)
Batting: RHB Calvin Bennett 0-0: Called Strike
0-1: Called Strike
0-2: Ground out 6-3 (Groundball, 6M)
Bottom of the 9th over - 0 run(s), 0 hit(s), 0 error(s), 0 left on base; St. Louis 8 - Springfield 4
This league is powered by Out of the Park Baseball, the baseball management simulation game for PC, Mac and Linux
Saturday, April 9th, 2016 - OOTP Baseball 16.8 Build 38